AoeStats
← chichoN

Arabian Desert

510453388Analyzed
1v1 RM · 1d ago on Oct 1, 2026· 28m 58s· 2 players
Game mode
Random Map
Map size
Tiny (2 player)
Population
200
Speed
Normal
Resources
Standard
Victory
Conquest
Starting age
Dark Age
Ending age
Imperial Age
RankedLock teamsTeams togetherTeam positionsShared explorationLock speedFull tech treeHidden civsTurbo modeCheats
Victory
Defeat
🇦🇷 Ethiopians · Argentina
1438
+18
🇦🇷 Varangians · Argentina
1474
-18
chichoN
5:20 Loom
9:10 Feudal Age
9:50 Double-Bit Axe
14:09 Forging
14:23 Fletching
23:32 Castle Age
21:22 Horse Collar
22:10 Padded Archer Armor
23:34 Crossbowman
24:10 Bodkin Arrow
26:54 Wheelbarrow
29:06 Bow Saw
TM Fer0x
6:42 Loom
9:00 Feudal Age
9:32 Double-Bit Axe
11:14 Bloodlines
23:37 Castle Age
22:41 Scale Barding Armor
22:47 Forging
22:40 Horse Collar
24:36 Bow Saw
25:16 Chain Barding Armor
Connection lost

Rejoining the realm…

Still unreachable

The connection could not be restored.

Session expired

The server has moved on; the page needs a fresh start.